 Dungeon Crawl Stone Soup version 0.21-a0-396-ga924934 (webtiles) character file.

10395 Horrz the Protected (level 11, -8/99 HPs)
             Began as a Minotaur Fighter on Oct 19, 2017.
             Was an Elder of Okawaru.
             Killed from afar by a manticore (14 damage)
             ... with a volley of spikes
             ... on level 12 of the Dungeon.
             The game lasted 01:23:37 (12210 turns).

Horrz the Protected (Minotaur Fighter)             Turns: 12210, Time: 01:23:38

Health: -8/99      AC: 16    Str: 21    XL:     11   Next: 35%
Magic:  10/10      EV: 10    Int:  7    God:    Okawaru [****..]
Gold:   527        SH: 15    Dex: 11    Spells: 10/10 levels left

rFire    + . .     SeeInvis .   a - +0 long sword
rCold    . . .     Gourm    .   c - +0 shield
rNeg     + . .     Faith    .   s - +0 chain mail
rPois    +         Spirit   .   (helmet restricted)
rElec    .         Reflect  +   r - +0 cloak
rCorr    .         Harm     .   Q - +2 pair of gloves of the Ghosts {rN+}
MR       .....                  (no boots)
Stlth    ..........             w - +3 amulet of reflection
HPRegen  0.26/turn              T - ring of protection from fire
MPRegen  0.12/turn              S - ring of poison resistance

@: barbed spikes
A: retaliatory headbutt, horns 2
a: Heroism, Renounce Religion


You were on level 12 of the Dungeon.
You worshipped Okawaru.
Okawaru was greatly pleased with you.
You were not hungry.

You visited 2 branches of the dungeon, and saw 13 of its levels.

You collected 527 gold pieces.

Inventory:

Hand Weapons
 a - a +0 long sword (weapon)
 m - a +1 dagger of venom
Armour
 c - a +0 shield (worn)
 r - a +0 cloak (worn)
 s - a +0 chain mail (worn)
 Q - the +2 pair of gloves of the Ghosts (worn) {rN+}
   (You found it on level 9 of the Dungeon)

   It protects you from negative energy.
Jewellery
 t - an uncursed ring of see invisible
 w - a +3 amulet of reflection (around neck)
 F - an uncursed ring of fire
 G - an uncursed ring of wizardry
 S - a ring of poison resistance (right hand)
 T - a ring of protection from fire (left hand)
 V - an uncursed amulet of harm
Wands
 p - a wand of disintegration (10/24)
 u - a wand of iceblast (5/15)
 D - a wand of polymorph (6/24)
 K - a wand of enslavement (12/24)
Scrolls
 h - 10 scrolls of identify
 k - 6 scrolls of fear
 l - 8 scrolls of teleportation
 n - 4 scrolls of enchant weapon
 y - 2 scrolls of blinking {unknown}
 z - 4 scrolls of enchant armour {unknown}
 A - 6 scrolls of remove curse
 B - 2 scrolls of fog {unknown}
 C - 2 scrolls of amnesia {unknown}
 E - a scroll of random uselessness {unknown}
 I - a scroll of acquirement {unknown}
 L - a scroll of summoning {unknown}
 O - 2 scrolls of immolation {unknown}
 U - a scroll of holy word {unknown}
Potions
 b - a potion of berserk rage {unknown}
 d - a potion of might
 e - 3 potions of agility
 i - a potion of cancellation {unknown}
 j - 3 potions of haste
 o - 6 potions of curing
 v - a potion of invisibility {unknown}
 H - a potion of degeneration {unknown}
 J - 2 potions of lignification
 M - a potion of flight {unknown}
 R - a potion of heal wounds {unknown}
Books
 q - a book of Maledictions

   Spells                             Type                      Level
   a - Corona                         Hexes                        1
   b - Ensorcelled Hibernation        Hexes/Ice                    2
   c - Confuse                        Hexes                        3
   d - Tukima's Dance                 Hexes                        3
   e - Dazzling Spray                 Conjuration/Hexes            3
Miscellaneous
 P - a lamp of fire
Comestibles
 f - 3 bread rations
 g - 4 meat rations
 x - 13 royal jellies
 N - 6 fruits


   Skills:
 + Level 10.0 Fighting
 * Level 10.6 Long Blades
 + Level 10.7 Armour
 + Level 7.3 Dodging
 + Level 10.7 Shields


You had 10 spell levels left.
You didn't know any spells.

Dungeon Overview and Level Annotations

Branches:
Dungeon (12/15)            Temple (1/1) D:7             Orc (0/2) D:9
   Lair: D:8-11

Altars:
Ashenzari
Cheibriados
Dithmenos
Elyvilon
Fedhas
Gozag
Hepliaklqana
Kikubaaqudgha
Makhleb
Nemelex Xobeh
Okawaru
Qazlal
Ru
Sif Muna
Trog
Uskayaw
Vehumet
Wu Jian
Xom
Yredelemnul
Zin
The Shining One
Beogh

Shops:
D:4 %   D:8 [


Innate Abilities, Weirdness & Mutations

You reflexively headbutt those who attack you in melee.
You have a pair of horns on your head.


Message History

You feel strangely unstable. The bullfrog hits you.
* * * LOW HITPOINT WARNING * * *
The shadow imp hits you but does no damage.
The orc priest casts a cantrip, but nothing happens.
The yak closely misses you. You block the bullfrog's attack.
You hit the shadow imp.
The shadow imp is lightly wounded.
You block the shadow imp's attack. You block the bullfrog's attack.
The yak gores you!
* * * LOW HITPOINT WARNING * * *
The shadow imp hits you but does no damage.
You block the shadow imp's attack. The bullfrog barely misses you.
You riposte.
You slash the bullfrog!
The bullfrog is moderately wounded.
Your surroundings suddenly seem different.
A manticore comes into view.
The manticore flicks its tail.
The volley of spikes hits you!
The barbed spikes become lodged in your body.
You die...

##########
#........#
#........#
#........+
#.....<@.#
#...H....#
#######+##
#.........
##########
#.........
#.........
#.D.......
#.........
#.........
##.........


You could see a manticore.

Vanquished Creatures
  2 two-headed ogres (D:11)
  An orc knight (D:11)
  A gargoyle (D:11)
  A troll (D:10)
  A hornet (D:10)
  A hippogriff (D:7)
  9 yaks
  A wyvern (D:6)
  2 hungry ghosts
  An ice beast (D:11)
  A phantom (D:10)
  12 orc warriors
  5 sky beasts
  A black bear (D:11)
  A necrophage (D:10)
  4 ogres
  A hornet zombie (D:10)
  3 centaurs
  A big kobold (D:11)
  4 bullfrogs
  3 scorpions
  6 wights
  3 howler monkeys (D:10)
  An electric eel (D:6)
  The ghost of flinch the Insei, a weakling OpTm of Wu Jian (D:5)
  2 centaur zombies
  5 crimson imps
  7 hounds
  A quasit (D:10)
  8 jellies
  13 orc priests
  9 orc wizards
  2 centaur skeletons
  Jessica (D:6)
  5 iguanas
  8 worker ants
  A hound zombie (D:7)
  2 hound skeletons (D:9)
  A howler monkey zombie (D:5)
  A worker ant zombie (D:7)
  A howler monkey skeleton (D:8)
  6 adders
  2 shadow imps
  7 oozes
  An adder skeleton (D:6)
  5 worms
  A dart slug (D:1)
  3 leopard geckos
  62 orcs
  A ball python (D:3)
  7 giant cockroaches
  10 goblins
  9 hobgoblins
  18 jackals
  9 kobolds
  4 quokkas
  7 bats
  7 frilled lizards
  A giant cockroach zombie (D:6)
  3 leopard gecko skeletons
  A leopard gecko zombie (D:7)
  6 rats
304 creatures vanquished.

Vanquished Creatures (others)
  2 centaurs
2 creatures vanquished.

Grand Total: 306 creatures vanquished

Notes
Turn   | Place    | Note
-------+----------+-------------------------------------------
     0 | D:1      | Horrz the Minotaur Fighter began the quest for the Orb.
     0 | D:1      | Reached XP level 1. HP: 19/19 MP: 0/0
   141 | D:1      | Reached XP level 2. HP: 27/27 MP: 1/1
   474 | D:1      | Reached XP level 3. HP: 33/34 MP: 2/2
  1032 | D:2      | Found a sparkling altar of Nemelex Xobeh.
  1461 | D:3      | Reached XP level 4. HP: 31/41 MP: 3/3
  1766 | D:3      | Reached skill level 1 in Dodging
  1950 | D:4      | Reached skill level 5 in Fighting
  1984 | D:4      | Found Vuplel Wuo's Food Emporium.
  2496 | D:4      | Reached XP level 5. HP: 48/48 MP: 4/4
  2538 | D:5      | Entered Level 5 of the Dungeon
  2618 | D:5      | Noticed flinch's ghost (weakling OpTm)
  3080 | D:5      | Killed flinch's ghost
  3080 | D:5      | Reached XP level 6. HP: 47/56 MP: 5/5
  3096 | D:5      | Reached skill level 5 in Armour
  3205 | D:5      | Reached skill level 5 in Shields
  3389 | D:5      | Noticed a sky beast
  3398 | D:5      | Killed a sky beast
  3398 | D:5      | Reached XP level 7. HP: 61/61 MP: 6/6
  3586 | D:5      | Found a sacrificial altar of Ru.
  3862 | D:6      | Reached skill level 5 in Long Blades
  4309 | D:6      | Reached XP level 8. HP: 49/70 MP: 7/7
  4377 | D:6      | Noticed Jessica
  4393 | D:6      | Killed Jessica
  4398 | D:6      | Found a deep blue altar of Sif Muna.
  4542 | D:6      | Found a shadowy altar of Dithmenos.
  5281 | D:7      | Found a staircase to the Ecumenical Temple.
  5290 | Temple   | Entered the Ecumenical Temple
  5523 | D:7      | Found a blossoming altar of Fedhas.
  5634 | D:7      | Found a hazy altar of Hepliaklqana.
  5674 | D:7      | Noticed a hippogriff
  5687 | D:7      | Killed a hippogriff
  5687 | D:7      | Reached XP level 9. HP: 42/79 MP: 8/8
  5826 | D:7      | Found a white marble altar of Elyvilon.
  5827 | D:7      | Found an iron altar of Okawaru.
  5831 | D:7      | Became a worshipper of Warmaster Okawaru
  5920 | D:7      | Found a shattered altar of Ashenzari.
  6468 | D:8      | Found Joefeina's Armour Shoppe.
  6483 | D:8      | Noticed a two-headed ogre
  6968 | D:8      | Reached skill level 5 in Dodging
  7188 | D:9      | Reached * piety under Okawaru
  7608 | D:9      | Found a roughly hewn altar of Beogh.
  7608 | D:9      | Found a staircase to the Orcish Mines.
  7630 | D:10     | Entered Level 10 of the Dungeon
  8514 | D:9      | Reached XP level 10. HP: 65/88 MP: 9/9
  8755 | D:10     | Reached ** piety under Okawaru
  8872 | D:9      | Got a pair of dazzling gloves
  8878 | D:9      | Identified the +2 pair of gloves of the Ghosts {rN+} (You found it on level 9 of the Dungeon)
  9813 | D:10     | Reached *** piety under Okawaru
  9813 | D:10     | Reached skill level 10 in Armour
  9813 | D:10     | Reached skill level 10 in Shields
 10210 | D:11     | Noticed a gargoyle
 10251 | D:11     | Noticed a two-headed ogre
 10266 | D:11     | Killed a two-headed ogre
 10266 | D:11     | Reached **** piety under Okawaru
 10641 | D:11     | Reached XP level 11. HP: 72/97 MP: 10/10
 10999 | D:11     | Found a roughly hewn altar of Beogh.
 10999 | D:11     | Noticed an orc knight
 11270 | D:11     | Killed an orc knight
 11270 | D:11     | Reached skill level 10 in Long Blades
 11808 | D:11     | Noticed a two-headed ogre
 11821 | D:11     | Killed a two-headed ogre
 12105 | D:12     | Noticed a six-headed hydra
 12192 | D:12     | Reached skill level 10 in Fighting
 12210 | D:12     | Killed from afar by a manticore

Vault maps used:
D:1:      shiori_angband_town, serial_bayou_lake_a
D:2:      nemelex_altar_shiori, serial_curves, eino_curves_01, eino_curves_04,
          eino_curves_01
D:4:      serial_shops, kennysheep_mini_moat
D:5:      first_bread, hangedman_abyss_or_decor_stagger, glass_columns_b,
          nicolae_ru_sacrificial_ziggurat
D:6:      tgw_sif, kennysheep_mini, nicolae_water_bricks
D:7:      nicolae_ashenzari_panopticon, fedhas_altar_3, marbit_many_paths,
          gammafunk_temple_overflow_statue, temple_hall
D:8:      erik_lair_dragon, serial_shops, nicolae_shop_stone, nrook_mini_vaults
D:9:      david_orc_5
D:10:     hangedman_little_slice_of_home
D:11:     serial_co_window_serial, co_window_cross_1, co_window_paths_a,
          co_window_corner_a, co_window_paths_b, co_window_paths_a,
          co_window_paths_c, co_window_unsneaky_path_c, co_window_corner_cb,
          co_window_4corner_b, co_window_paths_d, glass_columns_c,
          glass_columns_c, glass_columns_a, glass_columns_c, glass_columns_a,
          special_room
D:12:     lab_entry_generic
Temple:   eino_temple_lava

Skill      XL: |  1  2  3  4  5  6  7  8  9 10 11 |
---------------+----------------------------------+-----
Fighting       | 4 5 6 7 8 9 10 | 10.0
Long Blades    | 3 4 5 6 7 9 10 | 10.6
Armour         | 4 5 6 8 9 10 | 10.7
Dodging        | 1 2 3 4 5 6 7 |  7.3
Shields        | 4 5 6 8 9 10 | 10.7

Action                   |  1- 3 |  4- 6 |  7- 9 | 10-12 || total
-------------------------+-------+-------+-------+-------++-------
Melee: Long sword        |   116 |   136 |   488 |   497 ||  1237
       Headbutt          |    19 |    28 |    91 |   121 ||   259
Invok: Heroism           |       |       |     2 |     3 ||     5
  Use: Scroll            |       |     6 |     1 |     2 ||     9
       Potion            |       |     1 |     2 |       ||     3
  Eat: Chunk             |     2 |     6 |    15 |    14 ||    37
       Meat ration       |       |       |     1 |       ||     1
Armor: Scale mail        |    23 |       |       |       ||    23
       Chain mail        |    32 |    54 |   145 |    94 ||   325
       Skin              |       |       |     5 |       ||     5
Dodge: Dodged            |    27 |    31 |   119 |   115 ||   292
Block: Shield            |    67 |    87 |   338 |   290 ||   782
       Reflection        |       |       |    13 |     7 ||    20
       Rpst.: Long sword |     8 |     7 |    26 |    35 ||    76

Table legend:
 A = Spawn XP
 B = Non-spawn XP
 C = Spawn XP percentage of total XP
 D = Spawn monster count
 E = Non-spawn monster count
 F = Spawn count percentage of total count
 G = Total turns spent on level
                    A         B        C        D         E        F      G
               +---------+---------+-------+---------+---------+-------+---------
         Total |       0 |   14851 |   0.0 |       0 |     306 |   0.0 | 12210
               +---------+---------+-------+---------+---------+-------+---------
           D:1 |       0 |      44 |   0.0 |       0 |      25 |   0.0 |   805
           D:2 |       0 |      51 |   0.0 |       0 |      25 |   0.0 |   649
           D:3 |       0 |      34 |   0.0 |       0 |      10 |   0.0 |   454
           D:4 |       0 |     178 |   0.0 |       0 |      21 |   0.0 |  1113
           D:5 |       0 |     683 |   0.0 |       0 |      24 |   0.0 |   800
           D:6 |       0 |    1055 |   0.0 |       0 |      16 |   0.0 |  1263
           D:7 |       0 |    1555 |   0.0 |       0 |      29 |   0.0 |  1399
           D:8 |       0 |     427 |   0.0 |       0 |       8 |   0.0 |   595
           D:9 |       0 |    1181 |   0.0 |       0 |      37 |   0.0 |   994
          D:10 |       0 |    3431 |   0.0 |       0 |      58 |   0.0 |  1739
          D:11 |       0 |    5281 |   0.0 |       0 |      48 |   0.0 |  2213
          D:12 |       0 |     931 |   0.0 |       0 |       5 |   0.0 |   121
               +---------+---------+-------+---------+---------+-------+---------
